 Dungeon Crawl Stone Soup version 0.29-a0-2-g12fcac58f8 (webtiles) character file.

Game seed: 13032428214209144835

30111 siradein the Eclecticist (level 13, -1/79 HPs)
             Began as a Deep Elf Conjurer on Jan 26, 2022.
             Was an Elder of Vehumet.
             Slain by a water moccasin (7 damage)
             ... on level 5 of the Lair of Beasts.
             The game lasted 01:28:03 (20236 turns).

siradein the Eclecticist (Deep Elf Conjurer)       Turns: 20236, Time: 01:28:04

Health: -1/79      AC:  8    Str:  4    XL:     13   Next: 18%
Magic:  30/34      EV: 10    Int: 29    God:    Vehumet [****..]
Gold:   1062       SH:  0    Dex: 19    Spells: 17/43 levels left

rFire   + . .      SeeInvis .   u - staff of conjuration
rCold   + . .      Faith    .   (no shield)
rNeg    + . .      Spirit   .   p - +0 ring mail {rPois}
rPois   +          Reflect  .   w - +0 helmet
rElec   .          Harm     .   C - scarf {rC+ rF+}
rCorr   .          Rampage  .   t - +0 pair of gloves
Will    +....                   r - +0 pair of boots
Stlth   ++........              y - amulet of magic regeneration
HPRegen 0.23/turn               I - ring of positive energy
MPRegen 0.64/turn               B - +6 ring of dexterity

@: very slightly contaminated
A: no striking features
a: Renounce Religion


You were on level 5 of the Lair of Beasts.
You worshipped Vehumet.
Vehumet was greatly pleased with you.
You visited 3 branches of the dungeon, and saw 18 of its levels.

You collected 1062 gold pieces.

Inventory:

Armour
 p - a +0 ring mail of poison resistance (worn)
 r - a +0 pair of boots (worn)
 t - a +0 pair of gloves (worn)
 w - a +0 helmet (worn)
 C - a scarf of resistance (worn)
 G - the +7 Kryia's mail coat {PotionHeal*2 rC+}
   (You found it on level 7 of the Dungeon)

   Potions are twice as effective at healing its wearer.
   rC:        It protects you from cold.
 H - a +2 leather armour of willpower
 K - an orb of energy
Magical Staves
 e - a staff of air
 m - a staff of poison
 u - a staff of conjuration (weapon)
Jewellery
 y - an amulet of magic regeneration (around neck)
 B - a +6 ring of dexterity (right hand)
 I - a ring of positive energy (left hand)
Wands
 h - a wand of paralysis (12)
 s - a wand of flame (34)
 z - a wand of acid (17)
 J - a wand of polymorph (6)
 R - a wand of digging (5)
Scrolls
 a - 4 scrolls of holy word
 d - 2 scrolls of enchant weapon
 f - 8 scrolls of teleportation
 k - a scroll of fog
 l - a scroll of enchant armour {unknown}
 v - a scroll of summoning
 x - 3 scrolls of amnesia
 D - a scroll of magic mapping {unknown}
 O - a scroll of immolation {unknown}
 Q - a scroll of torment {unknown}
Potions
 b - 3 potions of haste
 c - a potion of cancellation
 g - 4 potions of heal wounds
 i - 8 potions of curing
 j - a potion of invisibility
 n - 3 potions of magic
 o - 3 potions of lignification
 q - 3 potions of attraction
 A - 6 potions of flight
 E - a potion of mutation {unknown}
 F - 4 potions of might {unknown}
 L - 2 potions of berserk rage {unknown}
 M - 3 potions of brilliance {unknown}
 N - a potion of resistance {unknown}
 P - a potion of degeneration {unknown}


   Skills:
 + Level 8.4 Fighting
 + Level 2.4 Armour
 + Level 4.5 Dodging
 - Level 2.4 Stealth
 + Level 15.5 Spellcasting
 + Level 13.7 Conjurations
 + Level 6.4 Earth Magic
 + Level 9.7 Evocations


You had 17 spell levels left.
You knew the following spells:

 Your Spells              Type           Power      Damage    Failure   Level
a - Magic Dart            Conj           100%       1d8       1%          1
b - Searing Ray           Conj           100%       2d8       1%          2
c - Fulminant Prism       Conj/Hex       38%        3d18      1%          4
d - Iskenderun's Mystic   Conj/Tloc      76%        2d15      1%          4
e - Mephitic Cloud        Conj/Pois/Air  65%        N/A       1%          3
f - Lee's Rapid Deconstr  Erth           28%        3d16*     7%          5
g - Ignite Poison         Fire/Tmut/Pois 22%        N/A       10%         3
h - Hailstorm             Conj/Ice       76%        3d16      1%          4

Your spell library contained the following spells:

 Spells                   Type           Power      Damage    Failure   Level
 Yara's Violent Unravell  Hex/Tmut       11%        3d6       58%         5
 Dazzling Flash           Conj/Hex       100%       N/A       1%          3
 Animate Skeleton         Necr           44%        N/A       12%         1
 Beastly Appendage        Tmut           44%        N/A       12%         1
 Pain                     Necr           88%        1d8       12%         1
 Summon Small Mammal      Summ           88%        N/A       12%         1
 Call Imp                 Summ           22%        N/A       19%         2
 Ensorcelled Hibernation  Hex/Ice        44%        N/A       19%         2
 Leda's Liquefaction      Hex/Erth       20%        N/A       30%         4
 Call Canine Familiar     Summ           22%        N/A       34%         3
 Portal Projectile        Hex/Tloc       44%        N/A       34%         3
 Spider Form              Tmut/Pois      22%        N/A       34%         3
 Vampiric Draining        Necr           22%        2d7       34%         3
 Anguish                  Hex/Necr       11%        N/A       75%         4
 Agony                    Necr           22%        N/A       97%         5
 Silence                  Hex/Air        11%        N/A       97%         5
 Statue Form              Tmut/Erth      27%        N/A       99%         6


Dungeon Overview and Level Annotations

Branches:
Dungeon (11/15)            Temple (1/1) D:6            Lair (6/6) D:10
 Shoals (0/4) Lair:4        Snake (0/4) Lair:2          Orc (0/2) D:9
  Slime: Lair:5-6

Altars:
Ashenzari
Cheibriados
Dithmenos
Elyvilon
Fedhas
Gozag
Hepliaklqana
Kikubaaqudgha
Makhleb
Nemelex Xobeh
Okawaru
Qazlal
Ru
Sif Muna
Trog
Uskayaw
Vehumet
Wu Jian
Xom
Yredelemnul
Zin
The Shining One

Shops:
D:8 =(

Annotations:
D:9 1 runed translucent door, hgbash's ghost, novice OpEE
Lair:2 1 runed translucent door, mcgeepi's ghost, journeyman OpTm
Lair:6 Kirke


Message History

The black mamba hisses angrily.
The blink frog gives a loud, deep croak!
The blink frog hits you.
The blink frog blinks!
The blink frog hits you but does no damage.
The blink frog misses you.
The blink frog hits you! x2; The blink frog blinks!
The black mamba bites you. x2; The blink frog hits you!
* * * LOW HITPOINT WARNING * * *
The black mamba bites you.
* * * LOW HITPOINT WARNING * * *
The black mamba bites you but does no damage.
The hog bites you.
* * * LOW HITPOINT WARNING * * *
The water moccasin closely misses you.
There is a stone staircase leading up, spattered with blood here.
Unknown command.
The black mamba bites you but does no damage.
The blink frog closely misses you. The hog barely misses you.
The water moccasin bites you.
* * * LOW HITPOINT WARNING * * *
The black mamba barely misses you.
The blink frog blinks!
You climb upwards.
Reactivating autopickup.
There is a stone staircase leading down, spattered with blood here.
Unknown command.
Casting: Iskenderun's Mystic Blast (dangerous; 1% risk of failure)
Confirm with . or Enter, or press ? or * to list all spells.
Aiming: Mephitic Cloud (safe; 1% risk of failure)
Press: ? - help, Shift-Dir - straight line, f - hog
Aim: a hog (chance to affect: 72%)
Okay, then.
Unknown command.
The hog bites you but does no damage. The black mamba bites you!
* * * LOW HITPOINT WARNING * * *
Okay, then.
Casting: Mephitic Cloud (safe; 1% risk of failure)
Confirm with . or Enter, or press ? or * to list all spells.
You feel a surge of power!
You miscast Iskenderun's Mystic Blast.
You are very lightly contaminated with residual magic.
Nothing appears to happen.
The water moccasin bites you!
You die...

..#.........................D...P
.......................#..P....##
........#.........#...###.......#
................#...............#
.....#........##..≈§§≈≈≈.........
..................≈≈≈≈§≈.........
..................≈§≈≈≈≈.........
................SS≈≈§≈≈≈........#
................@h≈≈≈≈≈≈.........
.................................
####.##.#.P#..#........#.####..##
####################### ####


You could see a black mamba, a hog and a water moccasin.

Vanquished Creatures
  6 hydras
  Erolcha (D:9)
  A boulder beetle (D:11)
  2 two-headed ogres
  4 death yaks (Lair:5)
  A tengu warrior (D:10)
  Nergalle (D:11)
  Pikel (D:4)
  An oklob plant (Lair:5)
  An elephant (Lair:2)
  6 black mambas
  2 rime drakes
  A gargoyle (D:10)
  8 komodo dragons
  An unseen horror (D:10)
  4 cane toads
  A tengu conjurer (D:10)
  A troll (D:11)
  A polar bear (Lair:5)
  Grinder (D:3)
  2 hornets
  14 blink frogs
  2 shadows
  A wraith (D:11)
  A wyvern (Lair:3)
  13 yaks
  2 basilisks
  A naga (Lair:2)
  An acid dragon (D:11)
  16 water moccasins
  6 orc warriors
  An ice beast (D:6)
  3 necrophages (D:4)
  A black bear (D:6)
  8 centaurs
  An ogre (D:4)
  14 bullfrogs
  A wyvern zombie (D:6)
  A scorpion (D:9)
  A gnoll sergeant (D:6)
  A wyvern skeleton (D:7)
  4 killer bees (D:9)
  A vampire bat (Lair:3)
  2 oklob saplings (D:9)
  5 wights (D:10)
  2 howler monkeys
  5 hounds
  5 orc priests
  2 jellies
  A centaur zombie (D:9)
  A gnoll shaman (D:8)
  Ijyb (D:3)
  8 orc wizards
  11 hell rats
  2 killer bee zombies
  A hound zombie (D:5)
  A hound skeleton (D:5)
  Robin (D:4)
  9 gnolls
  2 howler monkey skeletons
  10 adders
  4 river rats (Lair:2)
  3 white imps
  An ufetubus (D:4)
  2 worms
  An adder skeleton (D:4)
  2 dart slugs
  39 orcs
  13 ball pythons
  6 endoplasms
  4 giant cockroaches
  11 goblins
  6 hobgoblins
  7 kobolds
  A quokka (D:3)
  10 bats
  5 frilled lizards
  11 rats
336 creatures vanquished.

Vanquished Creatures (others)
  A goblin (D:4)
  21 fulminant prisms
  44 fungi
  138 plants
204 creatures vanquished.

Grand Total: 540 creatures vanquished

Notes
Turn   | Place    | Note
-------+----------+-------------------------------------------
     0 | D:1      | siradein the Deep Elf Conjurer began the quest for the Orb.
     0 | D:1      | Reached XP level 1. HP: 10/10 MP: 6/6
   530 | D:1      | Reached XP level 2. HP: 15/15 MP: 4/8
   533 | D:1      | Learned a level 2 spell: Searing Ray
   943 | D:2      | Found a broken altar of Ashenzari.
  1046 | D:2      | Reached skill level 4 in Spellcasting
  1458 | D:2      | Reached XP level 3. HP: 19/19 MP: 8/10
  1494 | D:2      | Reached skill level 5 in Conjurations
  2455 | D:3      | Noticed Ijyb
  2522 | D:3      | Noticed Grinder
  2529 | D:3      | Killed Grinder
  2530 | D:3      | Reached skill level 6 in Spellcasting
  2530 | D:3      | Reached XP level 4. HP: 9/24 MP: 2/14
  2530 | D:3      | Reached XP level 5. HP: 10/28 MP: 2/15
  2761 | D:3      | Reached XP level 6. HP: 32/32 MP: 14/17
  2779 | D:3      | Learned a level 4 spell: Fulminant Prism
  2784 | D:3      | Learned a level 4 spell: Iskenderun's Mystic Blast
  3266 | D:3      | Killed Ijyb
  3447 | D:4      | Reached skill level 7 in Spellcasting
  3527 | D:4      | Reached XP level 7. HP: 34/36 MP: 14/19
  3874 | D:4      | Reached skill level 8 in Spellcasting
  4574 | D:4      | Noticed Robin
  4622 | D:4      | Killed Robin
  4729 | D:5      | Entered Level 5 of the Dungeon
  5142 | D:5      | Reached skill level 9 in Spellcasting
  5536 | D:5      | Noticed Pikel
  5574 | D:4      | Killed Pikel
  5575 | D:4      | Reached XP level 8. HP: 44/44 MP: 11/23
  5860 | D:5      | Reached skill level 10 in Spellcasting
  6469 | D:6      | Found a staircase to the Ecumenical Temple.
  6490 | Temple   | Entered the Ecumenical Temple
  6747 | Temple   | Became a worshipper of Vehumet
  7257 | D:6      | Reached XP level 9. HP: 51/51 MP: 18/25
  7615 | D:7      | Found the +7 Kryia's mail coat {PotionHeal*2 rC+}
  7834 | D:7      | Found a burning altar of Makhleb.
  7838 | D:7      | Found a glowing golden altar of the Shining One.
  7840 | D:7      | Found a shimmering altar of Xom.
  7841 | D:7      | Found a white marble altar of Elyvilon.
  7841 | D:7      | Found a snail-covered altar of Cheibriados.
  7842 | D:7      | Found a shimmering blue altar of Sif Muna.
  7843 | D:7      | Found a broken altar of Ashenzari.
  7844 | D:7      | Found an iron altar of Okawaru.
  8203 | D:8      | Found Zaekio's Jewellery Shop.
  8269 | D:8      | Found Joluq's Antique Weapon Shop.
  8333 | D:8      | Reached skill level 11 in Spellcasting
  8337 | D:8      | Reached skill level 10 in Conjurations
  8337 | D:8      | Reached skill level 1 in Evocations
  8692 | D:9      | Found a runed translucent door.
  8692 | D:9      | Noticed hgbash's ghost (novice OpEE)
  8727 | D:9      | Reached * piety under Vehumet
  8727 | D:9      | Offered knowledge of Sandblast by Vehumet.
  8996 | D:9      | Noticed a two-headed ogre
  9004 | D:9      | Killed a two-headed ogre
  9031 | D:9      | Noticed Erolcha
  9230 | D:9      | Learned a level 3 spell: Mephitic Cloud
  9463 | D:9      | Reached XP level 10. HP: 53/58 MP: 15/27
  9501 | D:9      | Reached ** piety under Vehumet
  9501 | D:9      | Offered knowledge of Shock by Vehumet.
  9527 | D:9      | Found a staircase to the Orcish Mines.
  9564 | D:9      | Reached skill level 12 in Spellcasting
  9625 | D:10     | Entered Level 10 of the Dungeon
  9626 | D:10     | Noticed a gargoyle
  9635 | D:10     | Killed a gargoyle
  9636 | D:10     | Reached skill level 5 in Fighting
  9840 | D:10     | Identified the +7 broad axe of Niciw {elec, rElec Str+4
                  | Dex+2}
  9967 | D:10     | Noticed a two-headed ogre
  9977 | D:10     | Killed a two-headed ogre
  9978 | D:10     | Reached skill level 5 in Evocations
 10094 | D:10     | Noticed a tengu warrior
 10373 | D:10     | Offered knowledge of Ignite Poison by Vehumet.
 10464 | D:10     | Killed a tengu warrior
 10465 | D:10     | Reached skill level 13 in Spellcasting
 10554 | D:10     | Found a staircase to the Lair.
 10931 | D:11     | Noticed Nergalle
 10950 | D:11     | Killed Nergalle
 10951 | D:11     | Reached XP level 11. HP: 54/64 MP: 5/30
 11077 | D:11     | Noticed a boulder beetle
 11152 | Lair:1   | Entered Level 1 of the Lair of Beasts
 11234 | Lair:1   | Noticed a five-headed hydra
 11241 | Lair:1   | Killed a five-headed hydra
 11637 | D:9      | Killed Erolcha
 11870 | D:9      | Got Uptio's Compendium of Nature
 12391 | Lair:1   | Reached *** piety under Vehumet
 12449 | Lair:1   | Learned a level 5 spell: Lee's Rapid Deconstruction
 12470 | Lair:1   | Noticed a four-headed hydra
 12478 | Lair:1   | Killed a four-headed hydra
 12479 | Lair:1   | Reached skill level 1 in Earth Magic
 13123 | Lair:1   | Learned a level 3 spell: Ignite Poison
 14103 | Lair:2   | Found a runed translucent door.
 14189 | Lair:2   | Reached skill level 14 in Spellcasting
 14332 | Lair:2   | Noticed a seven-headed hydra
 14363 | Lair:2   | Killed a seven-headed hydra
 14556 | Lair:2   | Offered knowledge of Hailstorm by Vehumet.
 14562 | Lair:2   | Learned a level 4 spell: Hailstorm
 14942 | Lair:2   | Found a staircase to the Snake Pit.
 15320 | Lair:2   | Noticed mcgeepi's ghost (journeyman OpTm)
 15344 | Lair:3   | Noticed a six-headed hydra
 15354 | Lair:3   | Killed a six-headed hydra
 15355 | Lair:3   | Reached XP level 12. HP: 63/72 MP: 10/32
 15564 | Lair:3   | Reached **** piety under Vehumet
 15889 | Lair:3   | Offered knowledge of Yara's Violent Unravelling by Vehumet.
 16676 | Lair:4   | Reached skill level 5 in Earth Magic
 16846 | Lair:4   | Found a basalt altar of Yredelemnul.
 16865 | Lair:4   | Reached skill level 15 in Spellcasting
 17124 | Lair:4   | Found a staircase to the Shoals.
 17744 | Lair:5   | Reached skill level 1 in Armour
 18020 | Lair:5   | Noticed a death yak
 18021 | Lair:5   | Noticed a death yak
 18021 | Lair:5   | Noticed a death yak
 18021 | Lair:5   | Noticed a death yak
 18041 | Lair:5   | Killed a death yak
 18066 | Lair:5   | Killed a death yak
 18086 | Lair:5   | Killed a death yak
 18117 | Lair:5   | Killed a death yak
 18294 | Lair:5   | Noticed a seven-headed hydra
 18344 | Lair:5   | Killed a seven-headed hydra
 18345 | Lair:5   | Reached XP level 13. HP: 76/78 MP: 27/34
 18500 | Lair:5   | Found a blossoming altar of Fedhas.
 19869 | Lair:6   | Entered Level 6 of the Lair of Beasts
 20179 | Lair:6   | Noticed Kirke
 20236 | Lair:5   | Slain by a water moccasin

Illustrated notes

Levels and vault maps discovered:
D:1:      wander_arrival_lonely_grave, layout_loops_ring, minivault_27
D:2:      cheibrodos_old_hovel, layout_basic, basic_altar
D:3:      minmay_skewed_foursquare, layout_loops_corners, uniq_ijyb,
          uniq_grinder
D:4:      layout_basic, uniq_robin
D:5:      layout_basic, uniq_pikel
D:6:      layout_basic, minmay_temple_entry_wispy, minmay_misc_feat_iff
D:7:      layout_rooms, minitemple
D:8:      layout_rooms, serial_shops, nicolae_shop_crystal,
          nicolae_shop_temple_entry_statues_fountains
D:9:      layout_basic, david_orc_4, hellmonk_ghost_happy_afterlife,
          introduction_to_nature_1, uniq_erolcha
D:10:     layout_rooms, david_lair_shrubbed, minivault_1,
          kennysheep_generic_room_13
D:11:     layout_cave_pods, uniq_nergalle
Temple:   dpeg_chambers_temple
Lair:1:   layout_regular_city, serial_forest, infiniplex_forest_lined_room_,
          infiniplex_forest_clump_cross, infiniplex_forest_3_way,
          infiniplex_forest_side_room, infiniplex_forest_clump_C,
          infiniplex_forest_lined_2, infiniplex_forest_clump_diagonal,
          infiniplex_forest_straight_5, nicolae_volcano_entry_hallway
Lair:2:   layout_regular_city, guppyfry_snake_entry_garden,
          ebering_ghost_reflecting_pool, kennysheep_abandoned_house
Lair:3:   layout_regular_city, roderic_batcave
Lair:4:   layout_loops_ring, minmay_shoals_entry_centaurs, basic_altar,
          grunt_megastairs_4
Lair:5:   layout_gridlike, minivault_26, tgw_fedhas
Lair:6:   evil_forest, layout_cave_pods, slime_altar_1, uniq_kirke

Skill      XL: |  1  2  3  4  5  6  7  8  9 10 11 12 13 |
---------------+----------------------------------------+-----
Spellcasting   | 4 6 7 9 10 11 13 14 15 | 15.5
Conjurations   | 6 7 9 10 11 12 13 | 13.7
Fighting       | 2 3 4 6 7 8 |  8.4
Evocations     | 3 6 8 9 |  9.7
Earth Magic    | 3 6 |  6.4
Dodging        | 3 4 |  4.5
Armour         | 1 2 |  2.4
Stealth        | |  2.4

Action                   |  1- 3 |  4- 6 |  7- 9 | 10-12 | 13-15 || total
-------------------------+-------+-------+-------+-------+-------++-------
Melee: Staff             |       |       |       |       |     1 ||     1
 Cast: Magic Dart        |    72 |    30 |   158 |   208 |     5 ||   473
       Searing Ray       |     2 |     4 |    53 |   130 |    13 ||   202
       Iskenderun's Myst |       |       |    23 |   137 |    13 ||   173
       Fulminant Prism   |       |       |     5 |    10 |     6 ||    21
       Mephitic Cloud    |       |       |       |    39 |     8 ||    47
       Ignite Poison     |       |       |       |    18 |     4 ||    22
       Lee's Rapid Decon |       |       |       |     1 |       ||     1
  Use: Scroll            |       |       |     7 |     9 |     1 ||    17
Armor: Robe              |       |     1 |    13 |       |       ||    14
       Leather armour    |       |       |       |    12 |       ||    12
       Ring mail         |       |       |       |     5 |     6 ||    11
Dodge: Dodged            |     5 |     3 |    60 |    42 |    12 ||   122

Table legend: (Time is in decaauts)
 A = Elapsed time spent in this place.
 B = Non-inter-level travel time spent in this place.
 C = Inter-level travel time spent in this place.
 D = Time resting spent in this place.
 E = Time spent auto-exploring this place.
 F = Levels seen in this place.
 G = Mean time per level.
                   A        B        C        D        E       F      G
               +--------+--------+--------+--------+--------+-----+--------+
         Total |  20282 |  19253 |   1029 |   1847 |  13959 |  18 | 1126.8 |
       Dungeon |  13540 |  12964 |    576 |   1595 |   9215 |  11 | 1230.9 |
        Temple |    284 |    284 |      0 |      0 |    232 |   1 |  284.0 |
          Lair |   6456 |   6003 |    453 |    252 |   4512 |   6 | 1076.0 |
               +--------+--------+--------+--------+--------+-----+--------+

Top non-repeatable levels by time:
    D:11: 1726 daAuts
  Lair:5: 1678 daAuts
     D:9: 1546 daAuts
    D:10: 1509 daAuts
     D:3: 1494 daAuts
     D:4: 1429 daAuts
     D:5: 1426 daAuts
  Lair:2: 1390 daAuts
  Lair:3: 1142 daAuts
  Lair:1: 1100 daAuts
     D:2: 1076 daAuts
  Lair:4: 997 daAuts
     D:6: 978 daAuts
     D:8: 884 daAuts
     D:1: 826 daAuts
